 Dungeon Crawl Stone Soup version 0.27.0-1-g7a089689b8 (webtiles) character file.

Game seed: 660292705817027001

1024 SnakkuSnakku7 the Basher (level 8, 0/78 HPs)
             Began as an Ogre Delver on Aug 6, 2021.
             Was a Priest of Ru.
             Slain by an ufetubus (2 damage)
             ... summoned by Eustachio
             ... on level 6 of the Dungeon.
             The game lasted 00:07:33 (6862 turns).

SnakkuSnakku7 the Basher (Ogre Delver)              Turns: 6862, Time: 00:07:33

Health: 0/78       AC:  3    Str: 19    XL:     8   Next: 22%
Magic:  8/8        EV:  9    Int: 11    God:    Ru [***...]
Gold:   294        SH:  0    Dex: 10    Spells: 7/7 levels left

rFire    + . .     SeeInvis .   a - +1 flail
rCold    + . .     Faith    .   (no shield)
rNeg     . . .     Spirit   .   r - +0 robe
rPois    .         Reflect  .   (helmet restricted)
rElec    .         Harm     .   o - scarf {rC+ rF+}
rCorr    .         Rampage  .   (gloves unavailable)
Will     .....     Clarity  +   (boots unavailable)
Stlth    ++........             (no amulet)
HPRegen  0.23/turn              (no ring)
MPRegen  0.11/turn              (no ring)

@: unable to read
A: large, unfitting armour, tough skin 1, inability to use devices, no
conjurations magic, no hexes magic, no poison magic, talons 1, clarity,
inability to read while threatened
a: Renounce Religion, Draw Out Power


You were on level 6 of the Dungeon.
You worshipped Ru.
Ru was most pleased with you.
You visited 2 branches of the dungeon, and saw 7 of its levels.

You collected 294 gold pieces.

Inventory:

Hand Weapons
 a - a +1 flail (weapon)
 b - a +0 dagger of venom
 u - a +0 mace
Armour
 o - a scarf of resistance (worn)
 r - a +0 robe (worn)
Scrolls
 c - 2 scrolls of fog
 d - 2 scrolls of magic mapping
 i - 2 scrolls of amnesia
 j - a scroll of enchant weapon
 k - a scroll of enchant armour {unknown}
 m - 3 scrolls of teleportation {unknown}
 n - a scroll of blinking {unknown}
 p - 5 scrolls of identify {unknown}
Potions
 f - a potion of haste
 g - a potion of heal wounds {unknown}
 h - 2 potions of resistance {unknown}
 l - a potion of lignification {unknown}
 s - a potion of curing {unknown}
 t - a potion of attraction {unknown}


   Skills:
 - Level 4.0 Fighting
 + Level 8.7 Maces & Flails
 - Level 1.7 Dodging
 - Level 3.7 Stealth


You had 7 spell levels left.
You didn't know any spells.
Your spell library contained the following spells:

 Spells                   Type           Power      Damage    Failure   Level
 Animate Skeleton         Necr           0%         N/A       34%         1
 Pain                     Necr           0%         1d4       34%         1
 Blink                    Tloc           N/A        N/A       47%         2
 Lesser Beckoning         Tloc           0%         N/A       71%         3
 Vampiric Draining        Necr           0%         2d6       71%         3
 Dispel Undead            Necr           0%         3d6       98%         4
 Borgnjor's Vile Clutch   Necr/Erth      0%         N/A       100%        5
 Manifold Assault         Tloc           0%         N/A       100%        5
 Shatter                  Erth           0%         3d5*      100%        9
 Static Discharge         Conj/Air       Unusable   N/A       N/A         2
 Stone Arrow              Conj/Erth      Unusable   3d7       N/A         3
 Sticky Flame             Conj/Fire      Unusable   2d3       N/A         4
 Alistair's Intoxication  Tmut/Pois      Unusable   N/A       N/A         5
 Bolt of Magma            Conj/Fire/Erth Unusable   4d4       N/A         5
 Eringya's Noxious Bog    Tmut/Pois      Unusable   N/A       N/A         6

Dungeon Overview and Level Annotations

Branches:
Dungeon (6/15)             Temple (1/1) D:5

Altars:
Dithmenos
Kikubaaqudgha
Makhleb
Ru

Shops:
D:3 *

Annotations:
D:6 Eustachio


Innate Abilities, Weirdness & Mutations

You are too large for most types of armour.
You have tough skin. (AC +1)
You cannot study or use magical devices.
You cannot study or cast Conjurations magic.
You cannot study or cast Hexes magic.
You cannot study or cast Poison magic.
You have sharp toenails.
You possess an exceptional clarity of mind.
You sometimes lose the ability to read scrolls when taking damage.


Message History

Your +0 dagger of venom stops dripping with poison.
a - a +1 flail (weapon)
Unknown command.
Unknown command.
The gnoll shouts!
You hit Eustachio but do no damage.
Eustachio is heavily wounded.
You hear an angry hiss.
Eustachio barely misses you.
Unknown command.
You miss Eustachio. Your kick misses Eustachio.
Eustachio is heavily wounded.
Eustachio barely misses you.
Unknown command.
You barely miss Eustachio.
Eustachio is severely wounded.
Eustachio mumbles some strange words.
The orc hits you with a +0 club.
Unknown command.
You closely miss Eustachio.
Eustachio is severely wounded.
Eustachio closely misses you. The orc closely misses you.
Unknown command.
You sock Eustachio! You claw Eustachio.
Eustachio is almost dead.
Eustachio casts a spell.
The gnoll hits you from afar with a +0 halberd!
The orc hits you but does no damage.
Unknown command.
Eustachio hits you with a +0 rapier.
* * * LOW HITPOINT WARNING * * *
The gnoll hits you from afar with a +0 halberd!
* * * LOW HITPOINT WARNING * * *
The ufetubus closely misses you. The ufetubus hits you.
* * * LOW HITPOINT WARNING * * *
The orc closely misses you.
The gnoll hits you from afar with a +0 halberd!
* * * LOW HITPOINT WARNING * * *
The ufetubus closely misses you. The ufetubus hits you.
You die...

#. #.### #.@..
#....## #..รท# #.
#)# .. ###.########
#.#>..g<.....##
###...@.55......##
.......5@r........#
###.....o..$......#
##...........$..#
#..............#
#..............#
#..............##
#.............##
#..........####


You could see Eustachio (very poisoned), an iron imp (summoned), a gnoll, a
river rat (summoned), an orc and 2 ufetubi.

Vanquished Creatures
  Duvessa (D:5)
  A black bear (Temple)
  2 phantoms
  Dowan (Temple)
  A wyvern skeleton (D:5)
  A water moccasin skeleton (D:4)
  2 bullfrog zombies
  2 hounds
  2 jellies
  A gnoll shaman (D:6)
  A bullfrog skeleton (D:5)
  2 iguanas
  An orc wizard (D:5)
  4 gnolls
  7 adders
  An adder skeleton (D:4)
  5 worms
  A dart slug (D:4)
  7 orcs (D:5)
  8 endoplasms
  2 giant cockroaches
  8 hobgoblins
  8 jackals (D:1)
  4 kobolds
  A quokka (D:2)
  5 ball pythons
  4 bats
  3 frilled lizards
  9 goblins
  10 rats
105 creatures vanquished.

Vanquished Creatures (others)
  A human (D:3)
1 creature vanquished.

Grand Total: 106 creatures vanquished

Notes
Turn   | Place    | Note
-------+----------+-------------------------------------------
     0 | D:5      | SnakkuSnakku7 the Ogre Delver began the quest for the Orb.
     0 | D:5      | Reached XP level 1. HP: 24/24 MP: 1/1
    94 | D:3      | Reached skill level 3 in Maces & Flails
    94 | D:3      | Reached XP level 2. HP: 19/32 MP: 2/2
    94 | D:3      | Reached XP level 3. HP: 23/39 MP: 3/3
   328 | D:3      | Found Zair's Assorted Antiques.
   353 | D:3      | Found a sacrificial altar of Ru.
   361 | D:3      | Became a worshipper of Ru the Awakened
   667 | D:2      | Reached XP level 4. HP: 48/48 MP: 4/4
   861 | D:2      | Reached skill level 4 in Maces & Flails
  1311 | D:1      | Found a faded altar of an unknown god.
  1766 | D:1      | Gained mutation: You cannot study or use magical devices.
                  | [Ru sacrifice]
  1766 | D:1      | Reached * piety under Ru
  1766 | D:1      | Reached ** piety under Ru
  2130 | D:1      | Reached XP level 5. HP: 54/54 MP: 5/5
  2904 | D:3      | Found a shadowy altar of Dithmenos.
  2957 | D:3      | Reached skill level 5 in Maces & Flails
  3033 | D:3      | Found an ancient bone altar of Kikubaaqudgha.
  3034 | D:3      | Noticed a human
  3037 | D:3      | Killed a human
  3187 | D:3      | Found a burning altar of Makhleb.
  3187 | D:3      | Noticed a balrug
  3414 | D:4      | Noticed a phantom
  3516 | D:4      | Reached XP level 6. HP: 40/62 MP: 6/6
  4193 | D:5      | HP: 3/62 [bullfrog skeleton (4)]
  4195 | D:5      | Reached skill level 6 in Maces & Flails
  4533 | D:5      | Gained mutation: You cannot study or cast Poison magic. [Ru
                  | sacrifice]
  4533 | D:5      | Gained mutation: You cannot study or cast Hexes magic. [Ru
                  | sacrifice]
  4533 | D:5      | Gained mutation: You cannot study or cast Conjurations
                  | magic. [Ru sacrifice]
  4533 | D:5      | Reached *** piety under Ru
  4852 | D:5      | Found a staircase to the Ecumenical Temple.
  4862 | D:5      | Noticed Dowan
  4937 | D:5      | Noticed Duvessa
  4952 | D:5      | Noticed a black bear
  4964 | Temple   | Entered the Ecumenical Temple
  5585 | Temple   | Killed a black bear
  5586 | Temple   | Reached XP level 7. HP: 54/70 MP: 7/7
  5671 | D:5      | Killed Duvessa
  5672 | D:5      | Reached skill level 7 in Maces & Flails
  5678 | Temple   | Gained mutation: You possess an exceptional clarity of
                  | mind. [potion of mutation]
  5678 | Temple   | Gained mutation: You sometimes lose the ability to read
                  | scrolls when taking damage. [potion of mutation]
  5678 | Temple   | Gained mutation: You have sharp toenails. [potion of
                  | mutation]
  5683 | Temple   | Killed Dowan
  6011 | D:5      | Reached skill level 8 in Maces & Flails
  6182 | D:4      | Reached XP level 8. HP: 61/78 MP: 8/8
  6369 | D:6      | Noticed Eustachio
  6862 | D:6      | HP: 2/78 [gnoll (7)]
  6862 | D:6      | Slain by an ufetubus

Illustrated notes

Levels and vault maps discovered:
D:1:      ebering_trefoil_twist, layout_loops_ring,
          hellmonk_ecumenical_altar_pennies_from_heaven
D:2:      layout_basic
D:3:      layout_loops_ring, tgw_kikubaaqudgha, nicolae_dithmenos_the_darkroom,
          makhleb_altar_promises_db, mainiacjoe_overflow_surrounded_room,
          serial_shops, nicolae_shop_stone
D:4:      layout_loops_ring
D:5:      layout_rooms, minmay_temple_entry_glassed_door, uniq_duvessa
D:6:      layout_rooms, uniq_eustachio
Temple:   minmay_temple_bridge_abc

Skill      XL: |  1  2  3  4  5  6  7 |
---------------+----------------------+-----
Maces & Flails | 3 4 5 6 8 |  8.7
Fighting       | |  4.0
Dodging        | |  1.7
Stealth        | |  3.7

Action                   |  1- 3 |  4- 6 |  7- 9 || total
-------------------------+-------+-------+-------++-------
Melee: Mace              |    34 |   242 |       ||   276
       Dagger            |       |    29 |    23 ||    52
       Flail             |       |    11 |    82 ||    93
       Kick              |       |       |    27 ||    27
Invok: Sacrifice Artific |       |     1 |       ||     1
       Sacrifice Arcana  |       |     1 |       ||     1
  Use: Scroll            |       |       |     3 ||     3
       Potion            |       |       |     1 ||     1
 Stab: Sleeping          |     4 |    15 |     1 ||    20
Armor: Robe              |     4 |    70 |    10 ||    84
Dodge: Dodged            |    11 |   141 |    52 ||   204
